 Dungeon Crawl Stone Soup version 0.28.0-45-g0d030f2227 (webtiles) character file.

Game seed: 11894052001679596623

39 Kaptain the Digger (level 3, -1/20 HPs)
             Began as a Gargoyle Earth Elementalist on Apr 14, 2022.
             Slain by a goblin
             ... wielding a +0 dagger
             ... led by Robin
              (5 damage)
             ... on level 2 of the Dungeon.
             The game lasted 00:02:24 (1426 turns).

Kaptain the Digger (Gargoyle Earth Elementalist)    Turns: 1426, Time: 00:02:24

Health: -1/20      AC:  5    Str: 11    XL:     3   Next: 45%
Magic:  6/6        EV: 12    Int: 17    God:
Gold:   116        SH:  0    Dex: 10    Spells: 5/6 levels left

rFire   . . .      SeeInvis .   i - +2 dagger (venom)
rCold   . . .      Faith    .   (no shield)
rNeg    + . .      Spirit   .   b - +0 robe
rPois   ∞          Reflect  .   (no helmet)
rElec   +          Harm     .   (no cloak)
rCorr   .          Rampage  .   (no gloves)
Will    .....                   (no boots)
Stlth   ++........              (no amulet)
HPRegen 0.06/turn               (no ring)
MPRegen 0.10/turn               (no ring)

@: attractive
A: sickness immunity, AC +3, negative energy resistance 1, electricity
resistance, torment resistance 1, petrification resistance
a: no special abilities


You were on level 2 of the Dungeon.
You visited 1 branch of the dungeon, and saw 2 of its levels.

You collected 116 gold pieces.

Inventory:

Hand Weapons
 h - a +0 spear
 i - a +2 dagger of venom (weapon)
 m - a +0 short sword
Missiles
 c - 76 stones
Armour
 b - a +0 robe (worn)
Scrolls
 a - 2 scrolls of noise {unknown}
 d - a scroll of teleportation {unknown}
 f - a scroll of amnesia {unknown}
 k - 3 scrolls of fog {unknown}
 n - a scroll of torment {unknown}
Potions
 e - 2 potions of attraction
 g - 2 potions of brilliance {unknown}
 j - a potion of lignification {unknown}
 l - a potion of heal wounds {unknown}


   Skills:
 * Level 1.2 Fighting
 + Level 0.6 Armour
 + Level 1.7 Dodging
 - Level 2.1 Stealth
 * Level 2.3 Spellcasting
 * Level 1.2 Conjurations
 - Level 0.7 Transmutations
 * Level 4.1 Earth Magic


You had 5 spell levels left.
You knew the following spells:

 Your Spells              Type           Power      Damage    Failure   Level
a - Sandblast             Erth           30%        2d9       3%          1

Your spell library contained the following spells:

 Spells                   Type           Power      Damage    Failure   Level
 Passwall                 Tmut/Erth      8%         N/A       11%         2
 Stone Arrow              Conj/Erth      20%        3d8       19%         3
 Petrify                  Tmut/Erth      10%        N/A       56%         4


Dungeon Overview and Level Annotations

Branches:
Dungeon (2/15)

Altars:

Annotations:
D:2 Robin


Innate Abilities, Weirdness & Mutations

You are immune to sickness and miasma.
Your stone body is resilient. (AC +3)
You are immune to poison.
You resist negative energy. (rN+)
You are resistant to electric shocks. (rElec)
You are resistant to unholy torment.
You are immune to petrification.


Message History

The goblin shouts!
The endoplasm hits you but does no damage.
The goblin barely misses you. Robin throws the goblin at you!
The goblin moves out of view.
The hobgoblin shouts!
You hit the goblin.
You kill the goblin!
The goblin unwields a +0 hunting sling of freezing.
The goblin wields a +0 dagger.
The goblin completely misses you. The endoplasm barely misses you.
The goblin barely misses you.
The goblin unwields a +0 club.
The goblin wields a +0 hunting sling.
The goblin shoots a stone.
The stone hits you.
The goblin hits you with a +0 dagger of draining.
You closely miss the goblin. The goblin hits you but does no damage.
Robin throws the goblin at you! The goblin hits you but does no damage.
You barely miss the goblin. The goblin hits you but does no damage.
The goblin closely misses you. Robin throws the goblin at you!
The goblin unwields a +0 dagger.
The goblin wields a +0 hunting sling of freezing.
It is covered in frost.
The goblin shoots a stone.
The stone hits you. The stone freezes you. The goblin barely misses you. x2
You closely miss the goblin.
Robin roars a battlecry!
The goblins go into a battle-frenzy!
The goblin shoots a stone.
The stone hits you. The stone freezes you.
The goblin hits you with a +0 dagger.
* * * LOW HITPOINT WARNING * * *
The goblin barely misses you. The goblin closely misses you.
The goblin hits you with a +0 dagger.
* * * LOW HITPOINT WARNING * * *
The goblin shoots a stone.
The stone closely misses you. Robin throws the goblin at you!
The goblin hits you but does no damage. The goblin barely misses you.
You see here a +0 dagger.
The goblin shoots a stone.
The stone closely misses you.
The goblin shoots a stone.
The stone barely misses you.
It was a potion of attraction.
You feel attractive to monsters. The goblin hits you with a +0 dagger.
You die...

.. #.###### #### #......# #...##
..### #####...#.# .....# ..#.
##.gg...##.#....... ...#
#.@#.....#.#g..g...
###..##########.##).##.gg.g......
..<(............##.g####g##.....#
.............#.....g...J)....<..#
......................##g#.......
.....)................##.........
......................###........
..............#..##.### .#.....#
.......(.........#..# ......##


You could see 2 goblins.

Vanquished Creatures
  2 dart slugs (D:2)
  3 endoplasms (D:1)
  4 goblins
  4 hobgoblins
  6 kobolds
  A quokka (D:2)
  4 ball pythons
  3 bats
  2 frilled lizards
  4 rats
33 creatures vanquished.

Notes
Turn   | Place    | Note
-------+----------+-------------------------------------------
     0 | D:1      | Kaptain the Gargoyle Earth Elementalist began the quest for
                  | the Orb.
     0 | D:1      | Reached XP level 1. HP: 10/10 MP: 3/3
   324 | D:1      | Reached XP level 2. HP: 12/16 MP: 1/5
  1107 | D:2      | Reached skill level 1 in Fighting
  1107 | D:2      | Reached skill level 1 in Conjurations
  1142 | D:2      | Reached XP level 3. HP: 17/20 MP: 6/6
  1239 | D:2      | Reached skill level 4 in Earth Magic
  1410 | D:2      | Noticed Robin
  1426 | D:2      | Slain by a goblin

Illustrated notes

Levels and vault maps discovered:
D:1:      amcnicky_arrival_blooded_trapdoor, layout_loops_ring,
          minmay_heptomino_d4
D:2:      layout_rooms, grunt_ministairs_15, uniq_robin

Skill      XL: |  1  2  3 |
---------------+----------+-----
Fighting       | 1 |  1.2
Conjurations   | 1 |  1.2
Earth Magic    | 4 |  4.1
Armour         | |  0.6
Dodging        | |  1.7
Stealth        | |  2.1
Spellcasting   | |  2.3
Transmutations | |  0.7

Action                   || total
-------------------------++-------
Melee: Spear             ||     2
       Unarmed           ||     1
       Dagger            ||    60
       Punch             ||     1
 Cast: Sandblast         ||     8
  Use: Potion            ||     1
 Stab: Sleeping          ||     4
Armor: Robe              ||    27
Dodge: Dodged            ||    35
